Map: Frozen Temple

Players

Namshar - Winner!

  • Race: Zerg Zerg
  • League: Grandmaster

Miszu

  • Race: Terran Terran
  • League: Master

VOD

Have the link to the VOD?

Description

Time

  • Played on: April 18, 2016, 4:28 p.m.
  • Length: 16:14
Show
View Real Time Build Order
Export as new Build Order

Namshar Zerg - Winner!

Build Orders: Hatch First 

Get SALT Encoding   

  12  0:00  Drone  
  13  0:08  Drone  
  14  0:17  Overlord  
  14  0:23  Extractor, Drone  
  15  0:35  Drone x2  
  17  0:52  Hatchery  
  17  0:55  Drone  
  17  0:59  Drone  
  18  1:11  Extractor  
  18  1:14  Spawning Pool  
  17  1:18  Drone  
  17  1:20  Drone  
  18  1:26  Drone  
  19  1:37  Overlord  
  19  1:51  Drone  
  20  2:01  Zergling x2, Queen  
  22  2:04  Zergling x2, Queen  
  26  2:11  Metabolic Boost, Drone  
  27  2:15  Drone  
  27  2:21  Drone  
  29  2:30  Spore Crawler  
  29  2:32  Overlord, Drone  
  29  2:36  Queen  
  32  2:39  Drone  
  33  2:45  Drone  
  33  2:49  Drone  
  35  2:56  Overlord  
  35  2:58  Drone  
  36  2:59  Queen  
  36  3:03  Drone  
  39  3:07  Drone  
  39  3:10  Drone x3  
  43  3:22  Drone  
  43  3:23  Drone x3  
  46  3:27  Drone  
  46  3:32  Zergling x2  
  48  3:36  Queen  
  48  3:38  Hatchery  
  49  3:42  Lair  
  49  3:43  Extractor  
  49  3:44  Drone  
  49  3:47  Extractor  
  48  3:49  Zergling x2  
  48  3:51  Drone x2  
  48  3:53  Overlord  
  48  3:55  Drone  
  52  4:00  Overlord  
  50  4:11  Drone x2  
  50  4:12  Drone  
  50  4:16  Queen  
  55  4:18  Overlord  
  55  4:28  Drone  
  56  4:31  Roach Warren  
  56  4:32  Drone  
  56  4:33  Extractor  
  56  4:34  Drone x3  
  56  4:35  Overlord  
  56  4:37  Drone  
  59  4:40  Spire  
  58  4:51  Drone x2  
  58  4:52  Drone x6  
  66  5:05  Overlord  
  66  5:15  Glial Reconstitution  
  66  5:16  Drone x3  
  66  5:18  Overlord  
  66  5:19  Drone x4  
  73  5:23  Drone x3  
  73  5:24  Drone x4  
  73  5:26  Extractor  
  73  5:27  Extractor, Drone  
  79  5:30  Drone x2  
  79  5:31  Drone  
  81  5:51  Mutalisk x2  
  81  5:52  Mutalisk x5  
  95  5:59  Evolution Chamber  
  95  6:01  Infestation Pit, Evolution Chamber  
  95  6:03  Zerg Flyer Weapons Level 1  
  92  6:06  Drone x2  
  92  6:10  Drone  
  95  6:15  Hatchery  
  94  6:21  Hatchery  
  94  6:22  Overlord x2  
  94  6:24  Roach  
  94  6:25  Roach x2  
  99  6:28  Roach x2  
  99  6:32  Roach  
  105  6:33  Overlord x2  
  105  6:44  Roach x6  
  115  6:49  Roach x3  
  119  6:59  Hatchery  
  119  7:00  Roach x2  
  119  7:01  Roach x4  
  122  7:11  Roach x6  
  134  7:23  Overlord x2  
  134  7:24  Overlord, Hive  
  134  7:26  Zerg Missile Weapons Level 1  
  134  7:27  Zerg Ground Armor Level 1  
  134  7:37  Drone  
  134  7:38  Drone x8  
  134  7:42  Overlord  
  134  7:43  Overlord  
  143  7:48  Overlord  
  143  8:05  Extractor x2, Ravager x3  
  138  8:06  Roach x9  
  138  8:07  Ravager x2  
  138  8:08  Ravager  
  138  8:09  Ravager  
  160  8:13  Ravager  
  160  8:14  Ravager, Roach  
  160  8:15  Roach x2  
  158  8:42  Greater Spire  
  152  8:49  Drone x6  
  152  8:50  Drone x2  
  152  8:51  Queen  
  152  8:54  Drone x4  
  155  8:58  Drone x2  
  155  8:59  Overlord x2  
  157  9:03  Corruptor x5  
  157  9:04  Corruptor  
  169  9:10  Pneumatized Carapace  
  169  9:23  Roach x9  
  187  9:27  Ravager  
  187  9:28  Ravager  
  189  9:52  Queen  
  187  9:53  Brood Lord x5  
  199  10:18  Zerg Flyer Weapons Level 2  
  199  10:20  Zerg Ground Armor Level 2, Zerg Missile Weapons Level 2, Hatchery  
  176  10:40  Corruptor x4  
  160  10:56  Roach x8  
  160  11:00  Roach  
  160  11:01  Roach x12  
  164  11:05  Corruptor  
  157  11:14  Drone x2  
  159  11:21  Drone x4  
  163  11:31  Corruptor x5  
  169  11:34  Roach  
  169  11:35  Roach x4  
  169  11:36  Extractor, Spore Crawler  
  169  11:38  Extractor  
  154  11:58  Brood Lord  
  154  11:59  Brood Lord x2  
  154  12:01  Roach x5  
  168  12:06  Drone x2  
  170  12:10  Brood Lord  
  172  12:17  Roach x9  
  164  12:38  Brood Lord  
  166  12:47  Queen x3, Brood Lord x3  
  166  12:48  Queen  
  180  12:54  Corruptor x4  
  182  13:02  Corruptor x2  
  182  13:07  Roach x2  
  182  13:08  Roach x3  
  192  13:25  Roach x4  
  198  13:30  Ravager  
  169  14:13  Spire  
  169  14:14  Pathogen Glands  
  151  14:23  Roach x12  
  151  14:24  Roach x12  
  187  14:28  Ravager x9  
  187  14:31  Roach  
  192  14:35  Drone  
  192  14:36  Queen, Drone x3  
  198  14:49  Hatchery  
  167  15:06  Roach x5  
  169  15:12  Ravager x2  
  169  15:14  Ravager  
  168  15:22  Ravager  
  168  15:23  Ravager x9  
  168  15:24  Roach x2  
  182  15:30  Roach x3  
Show
View Real Time Build Order
Export as new Build Order

Miszu Terran 

Build Orders: Reaper Expand, MMM Bio 

Get SALT Encoding   

  12  0:00  SCV  
  13  0:12  SCV  
  14  0:17  Supply Depot  
  14  0:25  SCV  
  15  0:39  SCV  
  15  0:40  Barracks  
  16  0:43  Refinery  
  16  0:51  SCV  
  17  1:03  SCV  
  18  1:16  SCV  
  19  1:27  Reaper  
  19  1:28  Orbital Command  
  20  1:40  Command Center  
  20  1:51  Supply Depot  
  20  1:54  SCV  
  21  2:00  Marine  
  22  2:06  SCV  
  23  2:15  Factory  
  23  2:18  SCV  
  24  2:26  Barracks Reactor  
  24  2:30  SCV  
  24  2:36  Command Center  
  25  2:42  SCV  
  26  2:52  Orbital Command  
  26  2:54  SCV  
  27  3:01  Barracks  
  27  3:07  SCV  
  28  3:14  Hellion x2  
  28  3:15  Barracks Tech Lab  
  28  3:19  SCV  
  33  3:23  SCV  
  34  3:27  Supply Depot  
  34  3:31  SCV  
  34  3:35  Refinery, Marine, SCV  
  36  3:41  Stimpack  
  36  3:43  SCV  
  36  3:46  Factory Reactor  
  36  3:48  SCV, Orbital Command  
  38  3:55  SCV  
  39  3:57  Barracks  
  39  4:00  SCV  
  40  4:04  Engineering Bay  
  40  4:07  SCV  
  41  4:10  Engineering Bay  
  41  4:12  SCV  
  41  4:15  SCV  
  43  4:17  Marine  
  43  4:19  SCV  
  46  4:24  Refinery x2, SCV  
  46  4:26  Marine x2  
  46  4:29  SCV  
  49  4:31  SCV  
  49  4:35  Factory Reactor  
  49  4:36  Terran Infantry Weapons Level 1, SCV  
  49  4:37  Terran Infantry Armor Level 1  
  51  4:43  SCV  
  51  4:44  Orbital Command  
  52  4:47  Supply Depot x2  
  52  4:48  SCV  
  52  4:50  Marine x2  
  55  4:54  Marine  
  55  4:55  SCV  
  55  4:57  Starport  
  57  5:00  SCV  
  57  5:03  Supply Depot  
  58  5:08  Marine x2  
  58  5:09  Marine, Barracks  
  58  5:11  Barracks  
  58  5:12  Marine  
  58  5:14  Marine  
  63  5:24  SCV  
  63  5:25  Marine, SCV x2  
  63  5:26  Marine  
  63  5:27  Marine  
  69  5:29  Marine  
  69  5:33  Marine  
  69  5:35  Factory Reactor  
  71  5:36  SCV  
  71  5:37  SCV x2  
  71  5:42  Supply Depot  
  74  5:43  Marine, Medivac  
  74  5:44  Marine  
  74  5:45  Medivac  
  74  5:48  SCV  
  74  5:49  SCV x2  
  83  5:51  Marine x3  
  86  5:58  Bunker  
  86  6:00  SCV  
  86  6:01  Marine, SCV x2, Armory  
  90  6:04  Marine  
  90  6:06  Barracks Reactor x2  
  89  6:13  Marine x2, SCV x2  
  89  6:14  Refinery, Combat Shields  
  93  6:21  Marine x2, Widow Mine x2  
  93  6:22  Marine  
  93  6:25  SCV  
  101  6:29  Supply Depot  
  101  6:34  Supply Depot  
  101  6:36  Supply Depot  
  101  6:37  Supply Depot  
  101  6:38  SCV  
  101  6:39  Marine  
  101  6:40  SCV  
  101  6:48  Missile Turret  
  101  6:53  Marine  
  101  6:54  Marine  
  101  6:55  Marine  
  101  6:56  Marine  
  101  6:57  Marine x3, Hellion, Widow Mine  
  101  6:58  Medivac  
  101  7:01  Marine  
  108  7:02  Missile Turret  
  108  7:05  Marine  
  108  7:08  Medivac  
  109  7:11  Marine  
  109  7:12  Marine  
  98  7:16  SCV  
  98  7:17  SCV  
  98  7:22  Marine  
  101  7:23  Marine x6  
  101  7:28  Medivac  
  109  7:32  Marine x2, SCV  
  107  7:40  Marine x2  
  107  7:42  Terran Infantry Armor Level 2, Terran Infantry Weapons Level 2  
  109  7:44  Marine x5, Factory Tech Lab, SCV  
  109  7:47  Supply Depot  
  109  7:50  Marine x2, SCV x2  
  119  7:58  Marine  
  120  8:07  Siege Tank  
  120  8:08  Medivac x2  
  120  8:10  Supply Depot  
  120  8:12  Factory  
  127  8:13  Barracks  
  127  8:14  Barracks  
  127  8:15  SCV x3  
  127  8:16  Supply Depot, Barracks  
  126  8:27  Marauder  
  121  8:37  Medivac  
  121  8:38  Medivac  
  121  8:39  Widow Mine  
  127  8:55  Marine x8, Marauder  
  126  8:57  Factory Tech Lab  
  126  9:02  Marine x2  
  129  9:03  Marine  
  129  9:07  Medivac  
  133  9:13  Marine x8  
  133  9:16  Command Center  
  141  9:18  Supply Depot, Marine  
  141  9:19  Supply Depot  
  141  9:20  Marine x3  
  141  9:21  Supply Depot  
  145  9:27  Medivac  
  145  9:30  Marine  
  148  9:36  Marauder  
  144  9:40  Marine  
  144  9:41  Marine x5  
  150  9:48  Marine  
  150  9:49  Marine x3  
  150  9:50  Marine  
  155  9:57  Marauder  
  155  9:58  Marine  
  155  9:59  Marine x5  
  163  10:06  Marine  
  164  10:07  Marine x3  
  164  10:08  Terran Infantry Armor Level 3  
  164  10:12  Marine  
  165  10:15  Terran Infantry Weapons Level 3  
  165  10:16  Marine  
  165  10:17  Marine x2  
  163  10:34  Marine  
  163  10:35  Marine x11  
  126  10:52  Marine  
  126  10:53  Marine x10  
  126  10:58  Marine  
  107  11:10  Marine  
  107  11:11  Marine x10  
  108  11:15  Marine  
  121  11:28  Marine x4  
  121  11:29  Marine x7  
  131  11:34  Marauder  
  133  11:46  Marine x10  
  122  11:55  Marine, Marauder  
  122  11:59  Medivac x2  
  122  12:04  Marine x10  
  132  12:10  Planetary Fortress  
  132  12:15  Marine  
  132  12:16  Marine  
  134  12:29  Medivac  
  132  12:32  Marine  
  132  12:33  Marine x9  
  132  12:34  Marauder  
  122  12:43  Marine, Medivac  
  122  12:50  Marine  
  122  12:51  Marine x2  
  123  12:52  Marine x7  
  123  12:55  Marine  
  131  12:59  Medivac  
  131  13:00  Marine  
  134  13:08  Marine  
  134  13:09  Marine x3  
  134  13:10  Marine x6  
  144  13:13  Marine  
  144  13:18  Marine  
  141  13:26  Marine x2  
  141  13:27  Marine x2  
  138  13:28  Hellion, Marine x6, Medivac  
  138  13:31  Marine  
  146  13:55  Marine  
  144  13:59  Marine  
  144  14:00  Marine x10  
  142  14:13  Marine  
  133  14:17  Marine x4  
  133  14:18  Marine x3  
  125  14:27  Marine x4  
  125  14:30  Marine  
  113  14:32  Medivac x2  
  113  14:35  Marine x6  
  110  15:05  Marine  
  100  15:11  Marine  
  100  15:12  Marine x10, Widow Mine x2  
  98  15:18  Medivac  
  99  15:23  Marine  
  100  15:29  Marine x7  
  100  15:30  Marine x4  
  111  15:41  Marine, Widow Mine  
  111  15:42  Hellion  
  115  15:47  Marine x11  
Tags
 
Add a new tag
Caveats
  • Supply blocks, unpowered buildings, or Contaminate may cause inaccurate times.
  • Supply counts are checked every 10 seconds.